 Dungeon Crawl Stone Soup version 0.30-a0-722-g3e6e8c874d (webtiles) character file.

Game seed: 16260958751066630610

105 Darius099 the Cudgeller (level 4, -1/28 HPs)
             Began as a Gargoyle Fighter on Jan 27, 2023.
             Slain by an orc
             ... wielding a +0 hand axe
              (3 damage)
             ... on level 3 of the Dungeon.
             The game lasted 00:03:22 (1868 turns).

Darius099 the Cudgeller (Gargoyle Fighter)          Turns: 1868, Time: 00:03:23

Health: -1/28      AC: 11    Str: 20    XL:     4   Next: 81%
Magic:  4/4        EV:  9    Int:  8    God:
Gold:   113        SH:  4    Dex: 11    Spells: 3/3 levels left

rFire   . . .      SeeInvis .    a - +0 flail
rCold   . . .      Faith    .    c - +0 buckler
rNeg    + . .      Spirit   .    b - +0 scale mail
rPois   ∞          Reflect  .    (no helmet)
rElec   +          Harm     .    (no cloak)
rCorr   .          Rampage  .    p - +0 pair of gloves
Will    .....      Rnd*Tele +    (no boots) Stlth
                                 (no amulet)
HPRegen 0.24/turn                (no ring)
MPRegen 0.09/turn                (no ring)

@: attractive
A: sickness immunity, AC +3, negative energy resistance 1, electricity
resistance, torment resistance 1, petrification resistance, teleportitis 1
a: no special abilities


You were on level 3 of the Dungeon.
You visited 1 branch of the dungeon, and saw 3 of its levels.

You collected 113 gold pieces.

Inventory:

Hand Weapons
 a - a +0 flail (weapon)
 o - a +1 whip of flaming
Armour
 b - a +0 scale mail (worn)
 c - a +0 buckler (worn)
 p - a +0 pair of gloves (worn)
Jewellery
 n - a ring of wizardry
Scrolls
 f - a scroll of enchant armour {unknown}
 h - 2 scrolls of noise {unknown}
 j - a scroll of blinking {unknown}
 k - a scroll of fog {unknown}
 m - a scroll of enchant weapon {unknown}
 q - a scroll of torment {unknown}
Potions
 d - 2 potions of might
 i - a potion of brilliance {unknown}
 l - 2 potions of curing {unknown}
 r - a potion of magic {unknown}


   Skills:
 - Level 3.2 Fighting
 + Level 4.8 Maces & Flails
 - Level 3.2 Armour
 - Level 3.2 Shields


You had 3 spell levels left.
You didn't know any spells.
Your spell library contained the following spells:

 Spells                   Type           Power      Damage    Failure   Level
 Blink                    Tloc           0%         N/A       94%         2
 Lesser Beckoning         Tloc           0%         N/A       94%         2
 Momentum Strike          Conj/Tloc      0%         3d8       94%         2
 Frozen Ramparts          Ice            0%         1d1       99%         3
 Stone Arrow              Conj/Erth      0%         3d7       99%         3
 Animate Armour           Summ/Erth      0%         N/A       100%        4
 Ice Form                 Ice/Tmut       0%         N/A       100%        4
 Manifold Assault         Tloc           0%         N/A       100%        4
 Petrify                  Tmut/Erth      0%         N/A       100%        4
 Summon Ice Beast         Ice/Summ       0%         N/A       100%        4
 Freezing Cloud           Conj/Ice/Air   0%         6-21      100%        5
 Irradiate                Conj/Tmut      0%         3d11      100%        5
 Simulacrum               Ice/Necr       0%         N/A       100%        6
 Storm Form               Tmut/Air       0%         N/A       100%        7
 Lehudib's Crystal Spear  Conj/Erth      0%         10d2      100%        8
 Polar Vortex             Ice            0%         N/A       100%        9
 Sublimation of Blood     Necr           Unusable   N/A       N/A         2

Dungeon Overview and Level Annotations

Branches:
Dungeon (3/15)

Altars:


Innate Abilities, Weirdness & Mutations

You are immune to sickness and miasma.
Your stone body is resilient. (AC +3)
You are immune to poison.
You resist negative energy. (rN+)
You are resistant to electric shocks. (rElec)
You are resistant to unholy torment.
You are immune to petrification.
You are occasionally teleported next to monsters.


Message History

The ball python bites you but does no damage.
The ball python constricts you.
You completely miss something.
You feel less confused.
The orc hits you but does no damage. x2; Something hits you.
* * * LOW HITPOINT WARNING * * *
You block the ball python's attack. The ball python constricts you.
You hit the ball python.
You kill the ball python!
The orc barely misses you. Something hits you.
* * * LOW HITPOINT WARNING * * *
The orc hits you but does no damage.
You miss something. The orc hits you with a +0 hand axe.
* * * LOW HITPOINT WARNING * * *
Something hits you.
* * * LOW HITPOINT WARNING * * *
The orc barely misses you. x2; Something hits you but does no damage.
You block the orc's attack.
You hit the orc.
The orc is lightly wounded.
The orc hits you but does no damage. The orc closely misses you.
Something hits you but does no damage.
You barely miss the orc.
The orc is lightly wounded.
The orc hits you but does no damage.
You hear some strange, mumbled words.
A puff of flame appears from out of thin air!
The puff of flame hits you.
* * * LOW HITPOINT WARNING * * *
The orc hits you but does no damage.
It was a potion of mutation.
You feel extremely strange.
You feel weirdly uncertain. The orc closely misses you.
You block the orc's attack.
You hear some strange, mumbled words.
A magic dart appears from out of thin air!
The magic dart hits you but does no damage.
It was a potion of attraction.
You feel attractive to monsters. The orc hits you with a +0 hand axe.
You die...

##.# #.###
#...# ###.#
####
#######.##?....
...............
......?†##.....
......{.# ....
.......@# ...
......†oo......
.......$..#####
######....#
#....# #.....
###.... .....


You could see 2 orcs.

Vanquished Creatures
  Robin (D:3)
  2 adders
  3 dart slugs (D:1)
  7 orcs (D:3)
  3 ball pythons
  3 bats
  6 endoplasms
  14 goblins
  6 hobgoblins
  2 jackals (D:2)
  2 kobolds
  A quokka (D:1)
  4 frilled lizards
  2 rats
56 creatures vanquished.

Notes
Turn   | Place    | Note
-------+----------+-------------------------------------------
     0 | D:1      | Darius099 the Gargoyle Fighter began the quest for the Orb.
     0 | D:1      | Reached XP level 1. HP: 14/14 MP: 1/1
   256 | D:1      | Reached XP level 2. HP: 19/19 MP: 2/2
   332 | D:1      | Reached skill level 3 in Maces & Flails
   447 | D:1      | Reached XP level 3. HP: 18/23 MP: 3/3
   896 | D:2      | Found a faded altar of an unknown god.
  1332 | D:2      | Reached skill level 4 in Maces & Flails
  1536 | D:3      | Reached XP level 4. HP: 8/28 MP: 4/4
  1683 | D:3      | Noticed Robin
  1694 | D:3      | Killed Robin
  1866 | D:3      | HP: 1/28 [something/puff of flame (3)]
  1867 | D:3      | Gained mutation: You are occasionally teleported next to
                  | monsters. [potion of mutation]
  1868 | D:3      | Slain by an orc

Illustrated notes

Levels and vault maps discovered:
D:1:      elethiomel_arrival_infinity_welcomes_careful_drivers, layout_basic,
          st_stairs_14
D:2:      layout_basic, shapermc_ecumenical_altar_mp_ritualfount
D:3:      layout_basic, uniq_robin, uniq_sigmund

Skill      XL: |  1  2  3 |
---------------+----------+-----
Maces & Flails | 3 4 |  4.8
Fighting       | |  3.2
Armour         | |  3.2
Shields        | |  3.2

Action                     |  1- 3 |  4- 6 || total
---------------------------+-------+-------++-------
  Melee: Flail             |   115 |    64 ||   179
    Use: Potion            |       |     2 ||     2
 Armour: Scale mail        |    75 |    77 ||   152
  Dodge: Dodged            |    59 |    35 ||    94
  Block: Buckler           |    35 |    18 ||    53

Table legend: (Time is in decaauts)
 A = Elapsed time spent in this place.
 B = Non-inter-level travel time spent in this place.
 C = Inter-level travel time spent in this place.
 D = Time resting spent in this place.
 E = Time spent auto-exploring this place.
 F = Levels seen in this place.
 G = Mean time per level.
                   A        B        C        D        E       F      G
               +--------+--------+--------+--------+--------+-----+--------+
         Total |   1912 |   1874 |     38 |    139 |   1234 |   3 |  637.3 |
       Dungeon |   1912 |   1874 |     38 |    139 |   1234 |   3 |  637.3 |
               +--------+--------+--------+--------+--------+-----+--------+

Top non-repeatable levels by time:
     D:1: 891 daAuts
     D:2: 646 daAuts
     D:3: 375 daAuts
